 Dungeon Crawl Stone Soup version 0.30-a0-918-g0ff054e9dc (webtiles) character file.

Game seed: 11827776536697949054

63745 Mesmaeker13 the Martial Artist (level 15, -1/116 HPs)
             Began as an Octopode Transmuter on Mar 20, 2023.
             Was the Champion of Wu Jian.
             Slain by a centaur warrior (4 damage)
             ... on level 14 of the Dungeon.
             The game lasted 01:14:58 (24891 turns).

Mesmaeker13 the Martial Artist (OpTm)              Turns: 24891, Time: 01:14:59

Health: -1/116     AC: 11    Str: 12    XL:     15   Next: 10%
Magic:  19/26      EV: 15    Int: 24    God:    Wu Jian [******]
Gold:   836        SH:  0    Dex: 10    Spells: 7/29 levels left

rFire   + + +      SeeInvis +    r - melded +11 sling of Causality {drain, rC+ Dex+5}
rCold   + + +      Faith    .    (shield currently unavailable)
rNeg    . . .      Spirit   .    w - melded +0 hat
rPois   +          Reflect  .    Q - amulet of Ellual {RegenMP +Blink rF+ Int-2 SInv}
rElec   .          Rampage  .    a - ring of protection from cold
rCorr   +                        y - +5 ring of evasion
Will    +++..                    x - ring of fire
Stlth   +                        E - +6 ring of intelligence
HPRegen 0.39/turn                M - ring of protection from cold
MPRegen 0.60/turn                C - ring "Omecwac" {rPois rF+ Will++ rCorr Dex-3}
                                 F - ring of protection from fire
                                 (no ring)

@: ice-form, wereblooded, very slightly contaminated, studying Ice Magic
A: freezing attack, boosted hp, almost no armour, amphibious, 8 rings, large,
(camouflage 1), (gelatinous body 1), (nimble swimmer 1), (tentacles),
deterioration 1, frail 1
a: End Transformation, Renounce Religion, Evoke Blink, Wall Jump, Serpent's
Lash, Heavenly Storm


You were on level 14 of the Dungeon.
You worshipped Wu Jian.
Wu Jian was exalted by your worship.
You were a creature of crystalline ice.
You visited 2 branches of the dungeon, and saw 18 of its levels.
You also visited: Ice Cave.

You collected 1192 gold pieces.
You spent 356 gold pieces at shops.

Inventory:

Hand Weapons
 q - a +3 spear
 r - the +11 sling of Causality (melded) {drain, rC+ Dex+5}
   (You found it on level 4 of the Dungeon)

   Dex:       It affects your dexterity (+5).
   rC:        It protects you from cold.
 z - a +2 morningstar of freezing
 L - a +2 hand axe of holy wrath
 U - a +0 scimitar of flaming
Missiles
 u - 201 stones
 P - a curare-tipped dart (quivered)
Armour
 t - a +2 kite shield of cold resistance
 w - a +0 hat (melded)
Jewellery
 a - a ring of protection from cold (left front paw)
 x - a ring of fire (on tentacle)
 y - a +5 ring of evasion (right front paw)
 B - an amulet of the acrobat
 C - the ring "Omecwac" (on tentacle) {rPois rF+ Will++ rCorr Dex-3}
   (You found it on level 4 of the Lair of Beasts)

   [ring of protection from fire]

   Dex:       It affects your dexterity (-3).
   rF:        It protects you from fire.
   rPois:     It protects you from poison.
   rCorr:     It protects you from acid and corrosion.
   Will:      It greatly increases your willpower.
 E - a +6 ring of intelligence (on tentacle)
 F - a ring of protection from fire (on tentacle)
 M - a ring of protection from cold (on tentacle)
 Q - the amulet of Ellual (around neck) {RegenMP +Blink rF+ Int-2 SInv}
   (You found it on level 1 of the Lair of Beasts)

   [amulet of magic regeneration]

   It increases your rate of magic regeneration.
   Int:       It affects your intelligence (-2).
   rF:        It protects you from fire.
   SInv:      It lets you see invisible.
   +Blink:    It lets you blink.
 T - a ring of see invisible
 X - a ring of willpower
Wands
 s - a wand of digging (16)
 I - a wand of roots (6)
 W - a wand of charming (2)
Scrolls
 c - 7 scrolls of enchant weapon
 d - 11 scrolls of teleportation
 k - 4 scrolls of noise
 l - 6 scrolls of vulnerability
 m - 5 scrolls of fog
 o - 5 scrolls of immolation
 v - 6 scrolls of silence
 A - 2 scrolls of magic mapping
 H - a scroll of torment
 K - a scroll of poison
 R - 2 scrolls of amnesia
Potions
 b - 3 potions of attraction
 e - 5 potions of haste
 f - 3 potions of ambrosia
 g - 2 potions of might
 h - 3 potions of brilliance
 i - a potion of berserk rage {unknown}
 j - 3 potions of mutation {unknown}
 n - a potion of flight {unknown}
 p - a potion of resistance {unknown}
 D - 2 potions of heal wounds
 G - 3 potions of magic
 J - a potion of invisibility
 N - 3 potions of curing
 O - 2 potions of cancellation {unknown}
Miscellaneous
 S - a box of beasts


   Skills:
 + Level 12.1 Fighting
 - Level 2.0 Dodging
 + Level 12.5 Unarmed Combat
 - Level 7.6 Spellcasting
 + Level 10.2 Conjurations
 + Level 4.7 Summonings
 - Level 12.1 Transmutations
 + Level 9.6 Ice Magic
 + Level 2.0 Air Magic


You had 7 spell levels left.
You knew the following spells:

 Your Spells              Type           Power      Damage    Failure   Level
a - Summon Cactus Giant   Summ           15%        N/A       83%         6
b - Wereblood             Tmut           61%        N/A       1%          2
c - Ice Form              Ice/Tmut       57%        N/A       1%          4
d - Irradiate             Conj/Tmut      29%        3d21      1%          5
e - Freezing Cloud        Conj/Ice/Air   22%        6-21      10%         5

Your spell library contained the following spells:

 Spells                   Type           Power      Damage    Failure   Level
 Beastly Appendage        Tmut           100%       N/A       1%          1
 Foxfire                  Conj/Fire      100%       2x1d9     1%          1
 Kiss of Death            Conj/Necr      100%       2d13      1%          1
 Passwall                 Tmut/Erth      31%        N/A       1%          2
 Spider Form              Tmut/Pois      38%        N/A       1%          3
 Stone Arrow              Conj/Erth      66%        3d11      2%          3
 Iskenderun's Battlesphe  Conj           55%        2d11      2%          5
 Mephitic Cloud           Conj/Pois/Air  28%        N/A       3%          3
 Petrify                  Tmut/Erth      38%        N/A       5%          4
 Sandblast                Erth           18%        2d7       7%          1
 Flame Wave               Conj/Fire      50%        2d12      9%          4
 Scorch                   Fire           26%        2d6       11%         2
 Sublimation of Blood     Necr           9%         N/A       11%         2
 Summon Lightning Spire   Summ/Air       25%        N/A       17%         4
 Inner Flame              Hex/Fire       13%        N/A       21%         3
 Airstrike                Air            9%         2d(2-18)  28%         4
 Cause Fear               Hex            4%         N/A       56%         4
 Olgreb's Toxic Radiance  Pois           9%         N/A       56%         4
 Ozocubu's Refrigeration  Ice            26%        4d13      73%         7
 Plasma Beam              Fire/Air       10%        2x1d23    77%         5
 Discord                  Hex            4%         N/A       100%        8
 Ignition                 Fire           6%         3d4       100%        8


Dungeon Overview and Level Annotations

Branches:
Dungeon (14/15)            Temple (0/1) D:7            Lair (4/5) D:10
  Swamp (0/4) Lair:2       Spider (0/4) Lair:3          Orc (0/2) D:10
  IceCv (visited)
  Slime: Lair:4-5    Vaults: D:13-14

Altars:
Hepliaklqana
Wu Jian

Shops:
D:1 !   D:3 =*:(   D:11 !

Annotations:
D:7 Maggie
Lair:1 2 transporters
Lair:2 1 runed translucent door, Ubrusic's ghost, journeyman DsIE
Lair:4 Rupert


Innate Abilities, Weirdness & Mutations

You are a creature of crystalline ice.
You have a powerful freezing melee attack.
Your maximum health is increased.
Your armour is entirely melded.
You are incapable of wielding weapons or throwing items.
You cannot wear most types of armour.
You are amphibious.
You can wear up to eight rings at the same time.
((Your skin changes colour to match your surroundings (Stealth+).))
((Your rubbery body absorbs attacks. (AC +1, EV +1)))
((You are camouflaged when in or above water. (Stealth+)))
((You have tentacles for arms and can constrict up to eight enemies at once.))
Your body sometimes deteriorates upon taking damage.
You are frail. (-10% HP)


Message History

You hit the centaur but do no damage. The centaur closely misses you.
The centaur completely misses you.
A centaur warrior comes into view.
You barely miss the centaur. The centaur hits you.
* * * LOW HITPOINT WARNING * * *
The centaur kicks you but does no damage.
The centaur warrior wields a +0 shortbow.
The centaur warrior shoots an arrow.
The arrow hits you!
* * * LOW HITPOINT WARNING * * *
Really walk into that cloud of freezing vapour?
The centaur attacks as you move away!
The centaur hits you but does no damage.
The centaur closely misses you.
You are engulfed in freezing vapours.
You resist.
* * * LOW HITPOINT WARNING * * *
The centaur wields a +0 shortbow.
The centaur shoots an arrow.
The arrow hits you.
* * * LOW HITPOINT WARNING * * *
The centaur shoots an arrow.
The arrow hits you!
* * * LOW HITPOINT WARNING * * *
You feel much better.
You howl as the wereblood boils in your veins!
You are engulfed in freezing vapours.
You resist.
* * * LOW HITPOINT WARNING * * *
The centaur warrior shoots an arrow.
The arrow closely misses you.
Unknown command.
The centaur attacks as you move away!
The centaur unwields a +0 shortbow.
The centaur completely misses you.
The centaur kicks you but does no damage.
The centaur wields a +0 shortbow.
The centaur shoots an arrow.
The arrow hits you.
* * * LOW HITPOINT WARNING * * *
The centaur warrior shoots an arrow.
The arrow hits you!
* * * LOW HITPOINT WARNING * * *
Items here: ) [[ †.
The centaur shoots an arrow.
The arrow hits you!
* * * LOW HITPOINT WARNING * * *
The centaur warrior unwields a +0 shortbow.
The centaur warrior hits you.
You die...

### #.#### #.......
#....# #......###....#
#......#......####+
#......#...........
####......#...........
###
..........#....c...$..
##..
..........##'#Y#.#####
....
.............§)#.# #..
.......<######°#'# #..
........# #c).# +..
........# #.### #..
........# #.# #..
........# #.# ...H
......... ..# ....
.######.. ..# ....


You could see a centaur warrior and a centaur.

Vanquished Creatures
  A frost giant (IceCv)
  3 hydras
  Erolcha (D:12)
  4 two-headed ogres
  6 boulder beetles
  A centaur warrior (D:10)
  12 death yaks
  A tengu warrior (D:10)
  2 fire crabs (Lair:4)
  A skeletal warrior (D:10)
  A swamp dragon (Lair:2)
  An orb spider (Lair:3)
  A wizard (D:10)
  A necromancer (D:14)
  2 deep elf pyromancers (D:13)
  2 cyclopes
  6 ugly things
  A spectral centaur (D:11)
  3 manticores
  A centaur zombie (D:11)
  An ice statue (IceCv)
  A centaur skeleton (D:11)
  3 black mambas
  2 gargoyles
  3 torpor snails
  13 cane toads
  7 rime drakes
  An efreet (D:13)
  8 komodo dragons
  A tengu conjurer (D:10)
  3 meliai
  5 trolls
  10 polar bears
  3 hornets
  A meliai zombie (D:11)
  15 blink frogs
  2 shadows (D:10)
  2 vampires
  3 wraiths
  A wyvern (Lair:4)
  42 yaks
  A steam dragon (D:9)
  9 basilisks
  6 vampire mosquitoes
  2 acid dragons
  8 water moccasins
  5 orc warriors
  A sky beast (D:8)
  2 black bears
  An ogre (D:5)
  19 wolves
  2 ice beasts (D:6)
  14 centaurs
  4 phantoms
  5 kobold brigands
  12 bullfrogs
  5 scorpions
  10 wights
  4 troll zombies (D:10)
  27 killer bees
  3 howler monkeys
  4 hounds
  A jelly (D:6)
  8 orc priests
  3 sleepcaps
  7 orc wizards
  Natasha (thrice) (D:3)
  7 iguanas
  4 ogre zombies (D:10)
  Robin (D:1)
  4 gnolls (D:4)
  A howler monkey skeleton (D:11)
  8 adders
  2 shadow imps
  12 white imps (D:12)
  3 worms
  4 dart slugs
  42 orcs
  6 ball pythons
  4 endoplasms
  6 giant cockroaches
  19 goblins
  9 hobgoblins
  4 jackals (D:1)
  3 quokkas
  4 bats (D:1)
  3 frilled lizards
  2 goblin skeletons (D:10)
  6 goblin zombies (D:10)
  A hobgoblin skeleton (D:10)
  A hobgoblin zombie (D:10)
  22 kobolds
  An orc skeleton (D:10)
  14 orc zombies (D:10)
  6 rats
  A bush (D:11)
544 creatures vanquished.

Vanquished Creatures (others)
  A yak (IceCv)
  A wyvern (D:10)
  A bat (D:3)
  A giant cockroach (D:3)
  A rat (D:3)
  2 bushes (D:11)
  71 fungi
  107 plants
185 creatures vanquished.

Grand Total: 729 creatures vanquished

Notes
Turn   | Place    | Note
-------+----------+-------------------------------------------
     0 | D:1      | Mesmaeker13 the Octopode Transmuter began the quest for the
                  | Orb.
     0 | D:1      | Reached XP level 1. HP: 13/13 MP: 3/3
     4 | D:1      | Found Tucav's Distillery.
   140 | D:1      | Reached XP level 2. HP: 14/18 MP: 3/5
   232 | D:1      | Learned a level 2 spell: Wereblood
   440 | D:1      | Reached XP level 3. HP: 24/24 MP: 4/6
   909 | D:2      | Noticed Robin
   925 | D:1      | Killed Robin
  1037 | D:2      | Reached XP level 4. HP: 12/29 MP: 5/7
  1242 | D:2      | Learned a level 4 spell: Ice Form
  1778 | D:2      | Reached XP level 5. HP: 26/35 MP: 5/8
  2070 | D:3      | Reached skill level 1 in Ice Magic
  2102 | D:3      | Found Keckaomo's General Store.
  2126 | D:3      | Bought a scroll of identify for 20 gold pieces
  2133 | D:3      | Noticed Natasha
  2525 | D:3      | Found Ohiazxai's Book Boutique.
  2699 | D:3      | Killed Natasha
  2790 | D:3      | Noticed Natasha
  2799 | D:3      | Killed Natasha
  2907 | D:3      | Found Byorr's Jewellery Shop.
  3000 | D:3      | Noticed Natasha
  3013 | D:3      | Killed Natasha
  3014 | D:3      | Reached XP level 6. HP: 4/42 MP: 9/9
  3319 | D:3      | Found Unagim's Antique Weapon Emporium.
  3474 | D:4      | Identified the +11 sling of Causality {drain, rC+ Dex+5}
  4331 | D:4      | Noticed a black bear
  4353 | D:4      | Killed a black bear
  4365 | D:4      | Found an ornate altar of the Wu Jian Council.
  4373 | D:4      | Became a worshipper of the Wu Jian Council
  4510 | D:5      | Entered Level 5 of the Dungeon
  4519 | D:5      | Reached XP level 7. HP: 46/46 MP: 10/10
  4911 | D:5      | Reached skill level 5 in Unarmed Combat
  5113 | D:5      | Reached * piety under Wu Jian
  5130 | D:5      | Reached XP level 8. HP: 54/54 MP: 6/11
  5209 | D:5      | Reached skill level 5 in Transmutations
  5665 | D:6      | Reached skill level 5 in Fighting
  6214 | D:6      | Reached XP level 9. HP: 61/61 MP: 6/12
  6293 | D:6      | Reached skill level 5 in Ice Magic
  7569 | D:7      | Found a hazy altar of Hepliaklqana.
  7607 | D:7      | Found a staircase to the Ecumenical Temple.
  7663 | D:7      | Noticed Maggie
  8468 | D:3      | Bought a book of Alchemy for 336 gold pieces
  8475 | D:3      | Learned a level 5 spell: Irradiate
  9346 | D:8      | Reached ** piety under Wu Jian
  9347 | D:8      | Reached skill level 1 in Conjurations
  9408 | D:8      | You fall into a shaft and drop 3 floors!
  9420 | D:10     | Entered Level 10 of the Dungeon
  9421 | D:10     | Noticed a troll
  9434 | D:10     | Killed a troll
  9460 | D:10     | Reached XP level 10. HP: 69/69 MP: 6/13
  9474 | D:10     | Noticed a tengu warrior
  9808 | D:10     | Found a staircase to the Lair.
 10055 | D:9      | Reached *** piety under Wu Jian
 10772 | D:9      | Reached XP level 11. HP: 77/77 MP: 9/14
 11286 | D:10     | Noticed a centaur warrior
 11286 | D:10     | Noticed a manticore
 11376 | D:10     | Noticed a two-headed ogre
 11596 | D:10     | Identified the staff of death "Otoeps" {rC+ rN+}
 11601 | D:10     | Noticed a skeletal warrior
 11603 | D:10     | Noticed a purple ugly thing
 11637 | D:10     | Killed a skeletal warrior
 11700 | D:10     | Reached skill level 5 in Conjurations
 11719 | Lair:1   | Entered Level 1 of the Lair of Beasts
 11749 | D:10     | HP: 1/93 [komodo dragon (18)]
 11955 | D:10     | Killed a two-headed ogre
 12011 | D:10     | Reached **** piety under Wu Jian
 12041 | Lair:1   | Noticed a four-headed hydra
 12053 | Lair:1   | Killed a four-headed hydra
 12232 | Lair:1   | Found a transporter.
 12262 | Lair:1   | Found a transporter.
 12636 | Lair:1   | Identified the amulet of Ellual {RegenMP +Blink rF+ Int-2
                  | SInv}
 13319 | Lair:2   | Noticed a death yak
 13319 | Lair:2   | Noticed a death yak
 13319 | Lair:2   | Noticed a death yak
 13368 | Lair:2   | Reached XP level 12. HP: 85/85 MP: 11/15
 13493 | Lair:1   | Killed a death yak
 13678 | Lair:1   | Killed a death yak
 13715 | Lair:1   | Killed a death yak
 14090 | Lair:2   | Found a staircase to the Swamp.
 14177 | Lair:2   | Reached skill level 10 in Unarmed Combat
 14552 | Lair:2   | Reached skill level 10 in Transmutations
 15237 | Lair:2   | Found a runed translucent door.
 15239 | Lair:2   | Noticed Ubrusic's ghost (journeyman DsIE)
 15242 | Lair:2   | Identified the +3 trident of Might {speed, Str+3 Stlth+}
 15673 | Lair:3   | Found a hole to the Spider Nest.
 16066 | Lair:3   | Reached skill level 10 in Fighting
 16232 | Lair:3   | Noticed a boulder beetle
 16245 | Lair:3   | Killed a boulder beetle
 16544 | Lair:3   | Reached XP level 13. HP: 92/92 MP: 20/20
 17178 | Lair:3   | Reached skill level 5 in Spellcasting
 18928 | Lair:4   | Reached ***** piety under Wu Jian
 18995 | Lair:4   | Identified the ring "Omecwac" {rPois rF+ Will++ rCorr
                  | Dex-3}
 19356 | Lair:4   | Noticed Rupert
 19589 | D:10     | Found a staircase to the Orcish Mines.
 19889 | D:10     | Learned a level 6 spell: Summon Cactus Giant
 20213 | D:11     | Found Attanur's Distillery.
 20408 | D:11     | Reached XP level 14. HP: 100/101 MP: 23/23
 20617 | D:11     | Reached skill level 1 in Summonings
 21189 | D:12     | Found a frozen archway.
 21216 | IceCv    | Entered an ice cave
 21983 | IceCv    | Gained mutation: You are frail. (-10% HP) [mutagenic glow]
 21994 | IceCv    | Gained mutation: Your body sometimes deteriorates upon
                  | taking damage. [mutagenic glow]
 22319 | IceCv    | Noticed a frost giant
 22335 | IceCv    | Killed a frost giant
 22994 | D:12     | Noticed Erolcha
 23003 | D:12     | Reached ****** piety under Wu Jian
 23010 | D:12     | Killed Erolcha
 23539 | D:12     | Identified the orb of Quiescent Satisfaction {light, +Blink
                  | Str-2 Slay+2}
 23773 | D:12     | Identified a scroll of acquirement
 23774 | D:12     | Acquired the Tome of Concussion
 23784 | D:12     | Learned a level 5 spell: Freezing Cloud
 23804 | D:12     | Reached skill level 10 in Conjurations
 24048 | D:13     | Reached skill level 1 in Air Magic
 24269 | D:13     | Reached XP level 15. HP: 97/97 MP: 26/26
 24888 | D:14     | HP: 4/116 [centaur/arrow[a centaur warrior] (10)]
 24891 | D:14     | Slain by a centaur warrior

Illustrated notes

Levels and vault maps discovered:
D:1:      lightli_arrival_boilingwater, layout_basic, serial_shops,
          nicolae_shop_statue_plus, minmay_misc_feat_alley, minmay_pentomino_u2
D:2:      layout_basic, serial_rivers, chequers_serial_rivers_room_b,
          chequers_serial_rivers_large_b, chequers_serial_rivers_micro_a,
          chequers_serial_rivers_marsh, uniq_robin
D:3:      layout_basic, serial_shops, shop, shop, shop,
          nicolae_shop_competitors_out_of_business, lemuel_flame_loot_1,
          uniq_natasha
D:4:      layout_loops_cross, amethyst_killhole, kennysheep_small_circle
D:5:      cheibrodos_thug_alley, layout_gridville, serial_bayou_pond_a
D:6:      layout_cave_pods, roderic_lattice_a, grunt_decor_cap, st_stairs_8,
          minmay_misc_feat_ornament
D:7:      layout_rooms, mainiacjoe_overflow_alcove_1,
          minmay_temple_entry_junction, nicolae_figureground_pulse, uniq_maggie
D:8:      layout_gridville
D:9:      layout_basic
D:10:     layout_loops_ring, due_lair_maze_entry_diamond, zombieorc2_lemuel,
          enter_bailey_4, minmay_tree_intersection, serial_bayou_pond_b,
          minmay_fractal_squares_gapless_7
D:11:     layout_basic, serial_shops, nicolae_shop_waterfront,
          minmay_hedge_maze, hangedman_weighted_door
D:12:     layout_roguey, portal_ice_cave_entry_imps, uniq_erolcha
D:13:     layout_rooms
D:14:     layout_irregular_city, david_vaults_1, nicolae_tso_carved_into_rock
Lair:1:   gammafunk_worm_tunnel, layout_cave_pods, wad_woods_road_01,
          lemuel_fruit_fields
Lair:2:   layout_layer_cave, minmay_swamp_entry_reptiles,
          ebering_ghost_funeral_grove
Lair:3:   layout_regular_city, nicolae_spider_entry_orb_guardian
Lair:4:   nzn_winding_woodlands_huge [nzn_winding_woodlands_5x15_cabin,
          nzn_winding_woodlands_5x15_sidewinder, nzn_winding_woodlands_5x15_eye,
          nzn_winding_woodlands_5x15_sawtooth,
          nzn_winding_woodlands_5x15_pockets, nzn_winding_woodlands_5x15_twine,
          nzn_winding_woodlands_5x15_parted,
          nzn_winding_woodlands_5x15_river_crossing,
          nzn_winding_woodlands_5x15_pool, nzn_winding_woodlands_5x15_default,
          nzn_winding_woodlands_center_diamonds,
          nzn_winding_woodlands_center_garden,
          nzn_winding_woodlands_15x15_eel_pit], layout_cave_shapes, special_room
          [special_room_bee], ldierk_geyser, lemuel_fruit_tree, uniq_rupert

Skill      XL: |  1  2  3  4  5  6  7  8  9 10 11 12 13 14 15 |
---------------+----------------------------------------------+-----
Fighting       | 2 3 4 5 6 8 9 10 11 12 | 12.1
Transmutations | 3 4 5 7 8 9 10 11 12 | 12.1
Unarmed Combat | 4 5 6 7 8 9 10 11 12 | 12.5
Ice Magic      | 1 2 3 4 6 7 8 9 |  9.6
Conjurations   | 1 4 6 7 9 10 | 10.2
Spellcasting   | 4 6 7 |  7.6
Summonings     | 4 |  4.7
Air Magic      | 1 2 |  2.0
Dodging        | |  2.0

Action                     |  1- 3 |  4- 6 |  7- 9 | 10-12 | 13-15 || total
---------------------------+-------+-------+-------+-------+-------++-------
  Melee: Unarmed           |    65 |    54 |    65 |   445 |   532 ||  1161
         Constrict         |    22 |    32 |     6 |     1 |       ||    61
         Tentacles         |    13 |    23 |     9 |     1 |       ||    46
         Kick              |    22 |    34 |     5 |       |       ||    61
         Punch             |     1 |     2 |     1 |       |       ||     4
         Dagger            |       |    57 |    30 |     1 |       ||    88
   Fire: Sling             |       |    21 |   143 |   138 |    22 ||   324
  Throw: Dart              |     3 |    15 |     4 |     4 |     1 ||    27
         Throwing net      |       |       |       |     2 |       ||     2
   Cast: Beastly Appendage |    24 |    41 |     5 |       |       ||    70
         Wereblood         |     1 |     3 |     9 |    21 |    26 ||    60
         Ice Form          |       |       |    14 |    41 |    47 ||   102
         Irradiate         |       |       |       |     6 |    48 ||    54
         Freezing Cloud    |       |       |       |       |     9 ||     9
 Invoke: Serpent's Lash    |       |       |       |     3 |       ||     3
Ability: Lunge             |       |       |     5 |    17 |    31 ||    53
         End Transformatio |       |       |       |    10 |     1 ||    11
         Whirlwind         |       |       |       |     8 |    12 ||    20
         Evoke Blink       |       |       |       |     2 |       ||     2
  Evoke: Wand              |       |       |     6 |    18 |    20 ||    44
         Box of beasts     |       |       |       |     1 |     1 ||     2
    Use: Scroll            |       |     9 |     9 |     5 |    11 ||    34
         Potion            |       |       |     6 |     1 |    10 ||    17
   Stab: Sleeping          |     5 |     6 |     1 |       |       ||    12
         Invisible         |       |       |       |       |     1 ||     1
 Armour: Skin              |     5 |     4 |    36 |    95 |   167 ||   307
  Dodge: Dodged            |    36 |    56 |   107 |   295 |   403 ||   897

Table legend: (Time is in decaauts)
 A = Elapsed time spent in this place.
 B = Non-inter-level travel time spent in this place.
 C = Inter-level travel time spent in this place.
 D = Time resting spent in this place.
 E = Time spent auto-exploring this place.
 F = Levels seen in this place.
 G = Mean time per level.
                   A        B        C        D        E       F      G
               +--------+--------+--------+--------+--------+-----+--------+
         Total |  24893 |  23246 |   1647 |   5546 |  11151 |  19 | 1310.2 |
       Dungeon |  15883 |  14587 |   1296 |   2510 |   8148 |  14 | 1134.5 |
          Lair |   7397 |   7046 |    351 |   2166 |   2975 |   4 | 1849.2 |
      Ice Cave |   1613 |   1613 |      0 |    869 |     28 |   1 | 1613.0 |
               +--------+--------+--------+--------+--------+-----+--------+

Top non-repeatable levels by time:
  Lair:3: 2512 daAuts
     D:3: 2010 daAuts
    D:10: 1835 daAuts
  Lair:2: 1714 daAuts
  Lair:1: 1709 daAuts
     D:6: 1687 daAuts
   IceCv: 1613 daAuts
  Lair:4: 1461 daAuts
     D:9: 1212 daAuts
     D:2: 1187 daAuts
     D:4: 1142 daAuts
    D:12: 1107 daAuts
     D:5: 1105 daAuts
     D:1: 1076 daAuts
    D:11: 941 daAuts
